 Dungeon Crawl Stone Soup version 0.24.0 (webtiles) character file.

Game seed: 14299393660696572430, levelgen mode: deterministic

75 Buxparty the Shield-Bearer (level 4, 0/28 HPs)
             Began as a Gargoyle Fighter on Feb 16, 2020.
             Killed by divine providence
             ... invoked by an orc priest
              (12 damage)
             ... on level 3 of the Dungeon.
             The game lasted 00:02:27 (1254 turns).

Buxparty the Shield-Bearer (Gargoyle Fighter)       Turns: 1254, Time: 00:02:28

Health: 0/28       AC: 10    Str: 20    XL:     4   Next: 31%
Magic:  4/4        EV:  7    Int:  9    God:
Gold:   33         SH:  9    Dex:  9    Spells: 3/3 levels left

rFire    . . .     SeeInvis .   a - +0 long sword
rCold    . . .     Gourm    .   c - +0 shield
rNeg     + . .     Faith    .   b - +0 scale mail
rPois    ∞         Spirit   .   (no helmet)
rElec    +         Reflect  .   (no cloak)
rCorr    .         Harm     .   (no gloves)
MR       .....                  (no boots)
Stlth    ..........             (no amulet)
HPRegen  0.09/turn              (no ring)
MPRegen  0.09/turn              (no ring)

@: no status effects
A: negative energy resistance 1, electricity resistance, unbreathing,
petrification resistance, rot immunity, AC +3
a: no special abilities


You were on level 3 of the Dungeon.
You were hungry.

You visited 1 branch of the dungeon, and saw 3 of its levels.

You collected 33 gold pieces.

Inventory:

Hand Weapons
 a - a +0 long sword (weapon)
Armour
 b - a +0 scale mail (worn)
 c - a +0 shield (worn)
Scrolls
 e - a scroll of noise {unknown}
 g - 2 scrolls of enchant weapon {unknown}
 h - a scroll of enchant armour {unknown}
 i - a scroll of fear {unknown}
 j - a scroll of fog {unknown}
Potions
 d - a potion of might
Comestibles
 f - 3 rations


   Skills:
 + Level 3.6 Fighting
 * Level 2.3 Long Blades
 + Level 3.9 Armour
 - Level 1.1 Stealth
 + Level 4.1 Shields


You had 3 spell levels left.
You didn't know any spells.
Your spell library was empty.

Dungeon Overview and Level Annotations

Branches:
Dungeon (3/15)

Altars:
Sif Muna


Innate Abilities, Weirdness & Mutations

You are resistant to torment.
Your stone body is resilient. (AC +3)
You are immune to poison.
You resist negative energy. (rN+)
You are resistant to electric shocks. (rElec)
You can survive without breathing.
You are immune to petrification.
You are immune to rotting.


Message History

You barely miss the rat.
The rat is heavily wounded.
The rat bites you but does no damage. You block the rat's attack.
You barely miss the rat.
The rat is heavily wounded.
You block the rat's attack.
You closely miss the rat.
The rat is heavily wounded.
You block the rat's attack.
The orc wizard mumbles some strange words.
The orc wizard seems to speed up.
You slash the rat!
You kill the rat!
The orc wizard begins to cast a cantrip, but forgets the words!
You closely miss the orc wizard. You block the orc wizard's attack. x2
You closely miss the orc wizard.
The orc wizard hits you with a cursed +0 dagger.
The orc priest invokes the aid of Beogh against you.
Beogh smites you!
You die...

.....#.....######..
........##.#.....#.
....##.............
.......#.........##
######.##.....#####
#####.....##.# ##
#..........#.####.
#.####.#.#.....(.( #@#
#........).... ####o#
#............. #..oo#
#....[........ .....ro..go#
#.............
.....oo###.................
....... .###..............
....... . .>..........##
....... . ...........
....... .. .


You could see an orc priest, an orc wizard, 2 orcs and a goblin.

Vanquished Creatures
  A gnoll (D:1)
  An adder (D:2)
  3 dart slugs
  A leopard gecko (D:1)
  An orc (D:3)
  5 bats
  5 goblins (D:2)
  8 hobgoblins
  6 kobolds
  3 quokkas
  A ball python (D:2)
  2 frilled lizards (D:1)
  9 rats
46 creatures vanquished.

Notes
Turn   | Place    | Note
-------+----------+-------------------------------------------
     0 | D:1      | Buxparty the Gargoyle Fighter began the quest for the Orb.
     0 | D:1      | Reached XP level 1. HP: 14/14 MP: 1/1
   214 | D:1      | Reached XP level 2. HP: 12/19 MP: 2/2
   631 | D:1      | Reached skill level 1 in Stealth
   631 | D:1      | Reached XP level 3. HP: 22/23 MP: 3/3
   899 | D:2      | Reached skill level 4 in Shields
   957 | D:2      | Found a shimmering blue altar of Sif Muna.
  1027 | D:2      | Reached XP level 4. HP: 26/28 MP: 4/4
  1254 | D:3      | Killed from afar by an orc priest

Levels and vault maps discovered:
D:1:      minmay_arrival_four_houses, layout_loops_cross
D:2:      minmay_chambers_of_ones, layout_rooms, led_sif_pool
D:3:      layout_rooms, kiku_gazebo_pond_becter, uniq_jessica
